SAA
SAN BERNARDINO GRASSHOPPERS @ ATHLETIC CLUB KC ACADEMY
09/17/2034
 
TOP OF THE 1ST
San Bernardino Grasshoppers batting - Pitching for Athletic Club KC Academy : RHP Phil Greer
Pitching: RHP Phil Greer
Batting: RHB John Clark 0-0: Ball
1-0: Ball
2-0: Ball
3-0: Called Strike
3-1: Base on Balls
Batting: LHB Joe Ellison 0-0: Called Strike
0-1: Ball
1-1: Called Strike
1-2: SINGLE (Line Drive, 34)
John Clark to second
Runner from 2nd tries for 3rd, SAFE, throw made to third
Batting: RHB Reinaart Manshert 0-0: Ball
1-0: SINGLE (Line Drive, 7S)
John Clark scores
Joe Ellison to second
Batting: RHB Jim MacRach 0-0: Called Strike
0-1: Fly out, F8 (Flyball, 8LXD)
Runner from 2nd tags up, SAFE at 3rd, no throw
Batting: LHB Matt Ouweneel 0-0: Ball
1-0: Called Strike
1-1: Ball
2-1: Ball
Reinaart Manshert steals 2nd base
3-1: Swinging Strike
3-2: Base on Balls
Batting: RHB Jouo Hirschovits 0-0: Ball
1-0: Fly out, F9 (Flyball, 89S)
Runner from 3rd tags up, OUT at HOME
Top of the 1st over - 1 run, 2 hits, 0 errors, 2 left on base; San Bernardino 1 - Athletic Club KC Academy 0
BOTTOM OF THE 1ST
Athletic Club KC Academy batting - Pitching for San Bernardino Grasshoppers : LHP Ralph Greer
Pitching: LHP Ralph Greer
Batting: LHB Jason Ward 0-0: Called Strike
0-1: Ball
1-1: Ball
2-1: Swinging Strike
2-2: Foul Ball, location: 2F
2-2: Foul Ball, location: 2F
2-2: Ball
3-2: Foul Ball, location: 2F
3-2: Fly out, F8 (Flyball, 8LXD)
Batting: RHB John Ricks 0-0: Ball
1-0: Ball
2-0: Foul Ball, location: 2F
2-1: Fly out, F8 (Flyball, 8LD)
Batting: RHB Jihan Tuah 0-0: Fly out, F4 (Popup, 4)
Bottom of the 1st over - 0 runs, 0 hits, 0 errors, 0 left on base; San Bernardino 1 - Athletic Club KC Academy 0
TOP OF THE 2ND
San Bernardino Grasshoppers batting - Pitching for Athletic Club KC Academy : RHP Phil Greer
Batting: RHB Vaughn White 0-0: Foul Ball, location: 2F
0-1: Ball
1-1: Swinging Strike
1-2: Foul Ball, location: 2F
1-2: Fly out, F8 (Flyball, 78D)
Batting: RHB Wren Driscoll 0-0: Ball
1-0: Ball
2-0: Ball
3-0: Base on Balls
Batting: RHB Louie Trimboli 0-0: Called Strike
0-1: SINGLE (Line Drive, 78S)
Wren Driscoll to second
Batting: RHB John Clark 0-0: Ball
1-0: Ball
2-0: Ball
3-0: Foul Ball, location: 2F
3-1: Base on Balls
Wren Driscoll to third
Louie Trimboli to second
Batting: LHB Joe Ellison 0-0: Swinging Strike
0-1: Swinging Strike
0-2: Foul Ball, location: 2F
0-2: Strikes out swinging
Batting: RHB Reinaart Manshert 0-0: Fly out, F7 (Flyball, 7D)
Top of the 2nd over - 0 runs, 1 hit, 0 errors, 3 left on base; San Bernardino 1 - Athletic Club KC Academy 0
BOTTOM OF THE 2ND
Athletic Club KC Academy batting - Pitching for San Bernardino Grasshoppers : LHP Ralph Greer
Batting: RHB Francisco Vargas 0-0: Swinging Strike
0-1: SINGLE (Groundball, 6MD)
Batting: RHB Travis Murphy 0-0: Foul Ball, location: 2F
0-1: Ball
1-1: Ball
2-1: Called Strike
2-2: Ball
3-2: Base on Balls
Francisco Vargas to second
Batting: RHB Jon Hall 0-0: Called Strike
0-1: Foul Ball, location: 2F
0-2: Ball
1-2: Foul Ball, location: 2F
1-2: Reached on error, E6 (Groundball, 6)
Francisco Vargas to third
Travis Murphy to second
Batting: RHB Wilton Banks 0-0: Ball
1-0: Ball
2-0: Ball
3-0: Called Strike
3-1: Fly out, F7 (Flyball, 78M)
Throwing error, E7
Francisco Vargas scores
Travis Murphy to third
Jon Hall to second
Batting: RHB David Lozano 0-0: Swinging Strike
0-1: Ball
1-1: Swinging Strike
1-2: Strikes out looking
Batting: SHB Tomás Solorzano 0-0: Called Strike
0-1: Fly out, F8 (Flyball, 8RS)
Bottom of the 2nd over - 1 run, 1 hit, 2 errors, 2 left on base; San Bernardino 1 - Athletic Club KC Academy 1
TOP OF THE 3RD
San Bernardino Grasshoppers batting - Pitching for Athletic Club KC Academy : RHP Phil Greer
Batting: RHB Jim MacRach 0-0: Ball
1-0: Foul Ball, location: 2F
1-1: Called Strike
1-2: Foul Ball, location: 2F
1-2: Ball
2-2: Ball
3-2: Ground out 6-3 (Groundball, 6)
Batting: LHB Matt Ouweneel 0-0: Swinging Strike
0-1: Swinging Strike
0-2: Strikes out swinging
Batting: RHB Jouo Hirschovits 0-0: Ball
1-0: Called Strike
1-1: Ball
2-1: Fly out, F8 (Flyball, 8LS)
Top of the 3rd over - 0 runs, 0 hits, 0 errors, 0 left on base; San Bernardino 1 - Athletic Club KC Academy 1
BOTTOM OF THE 3RD
Athletic Club KC Academy batting - Pitching for San Bernardino Grasshoppers : LHP Ralph Greer
Batting: LHB Jason Ward 0-0: Called Strike
0-1: Ground out 1-3 (Groundball, P)
Batting: RHB John Ricks 0-0: Ground out 4-3 (Groundball, 4)
Batting: RHB Jihan Tuah 0-0: Ball
1-0: Fly out, F3 (Popup, 3F)
Bottom of the 3rd over - 0 runs, 0 hits, 0 errors, 0 left on base; San Bernardino 1 - Athletic Club KC Academy 1
TOP OF THE 4TH
San Bernardino Grasshoppers batting - Pitching for Athletic Club KC Academy : RHP Phil Greer
Batting: RHB Vaughn White 0-0: Ball
1-0: Ball
2-0: Foul Ball, location: 2F
2-1: Ground out 6-3 (Groundball, 6)
Batting: RHB Wren Driscoll 0-0: Ball
1-0: Foul Ball, location: 2F
1-1: Ball
2-1: SINGLE (Groundball, 6D)
Batting: RHB Louie Trimboli 0-0: Called Strike
0-1: Foul Ball, location: 2F
0-2: Fly out, F4 (Line Drive, 4M)
Batting: RHB John Clark 0-0: Ball
1-0: Ball
2-0: Ball
3-0: Base on Balls
Wren Driscoll to second
Batting: LHB Joe Ellison 0-0: Ball
1-0: Foul Ball, location: 2F
1-1: Ball
2-1: SINGLE (Line Drive, 9S)
Wren Driscoll to third
John Clark to second
Batting: RHB Reinaart Manshert 0-0: Called Strike
0-1: Ball
1-1: Fielders Choice at 2nd, 5-4 (Groundball, 5)
Top of the 4th over - 0 runs, 2 hits, 0 errors, 3 left on base; San Bernardino 1 - Athletic Club KC Academy 1
BOTTOM OF THE 4TH
Athletic Club KC Academy batting - Pitching for San Bernardino Grasshoppers : LHP Ralph Greer
Batting: RHB Francisco Vargas 0-0: Ball
1-0: Fly out, F8 (Flyball, 89D)
Batting: RHB Travis Murphy 0-0: Ground out 5-3 (Groundball, 56S)
Batting: RHB Jon Hall 0-0: Ball
1-0: Ball
2-0: Ball
3-0: Base on Balls
Batting: RHB Wilton Banks 0-0: Ball
1-0: Called Strike
1-1: Ball
2-1: Foul Ball, location: 2F
2-2: Foul Ball, location: 2F
2-2: Foul Ball, location: 2F
2-2: SINGLE (Line Drive, 56)
Jon Hall to second
Batting: RHB David Lozano 0-0: Ball
1-0: Fly out, F8 (Flyball, 8RM)
Bottom of the 4th over - 0 runs, 1 hit, 0 errors, 2 left on base; San Bernardino 1 - Athletic Club KC Academy 1
TOP OF THE 5TH
San Bernardino Grasshoppers batting - Pitching for Athletic Club KC Academy : RHP Phil Greer
Batting: RHB Jim MacRach 0-0: Called Strike
0-1: Swinging Strike
0-2: Ball
1-2: Ball
2-2: Ball
3-2: SINGLE (Popup, 56D)
Batting: LHB Matt Ouweneel 0-0: Ball
1-0: Foul Ball, location: 2F
1-1: Ball
2-1: Foul Ball, location: 2F
2-2: DOUBLE (Line Drive, 78M)
Jim MacRach to third
Batting: RHB Jouo Hirschovits 0-0: Called Strike
0-1: Ball
1-1: Foul Ball, location: 2F
1-2: Ground out 5-3 (Groundball, 56S)
Pitching: RHP Tom Erickson
Batting: RHB Vaughn White 0-0: Called Strike
0-1: Foul Ball, location: 2F
0-2: Ball
1-2: Ball
2-2: DOUBLE (Line Drive, 9LM)
Jim MacRach scores
Matt Ouweneel scores
Batting: RHB Wren Driscoll 0-0: Ball
1-0: Called Strike
1-1: Foul Ball, location: 2F
1-2: Fly out, F3 (Popup, 3SF)
Batting: RHB Louie Trimboli 0-0: Foul Ball, location: 2F
0-1: Foul Ball, location: 2F
0-2: Foul Ball, location: 2F
0-2: Foul Ball, location: 2F
0-2: Foul Ball, location: 2F
0-2: Ball
1-2: Ball
2-2: Foul Ball, location: 2F
2-2: Ball
3-2: Base on Balls
Batting: RHB John Clark 0-0: Fly out, F7 (Flyball, 78S)
Top of the 5th over - 2 runs, 3 hits, 0 errors, 2 left on base; San Bernardino 3 - Athletic Club KC Academy 1
BOTTOM OF THE 5TH
Athletic Club KC Academy batting - Pitching for San Bernardino Grasshoppers : LHP Ralph Greer
Batting: SHB Tomás Solorzano 0-0: Ball
1-0: Ball
2-0: Foul Ball, location: 2F
2-1: Fly out, F4 (Popup, 4)
Batting: LHB Jason Ward 0-0: Called Strike
0-1: Swinging Strike
0-2: Strikes out swinging
Batting: RHB John Ricks 0-0: Called Strike
0-1: Ball
1-1: Fly out, F7 (Line Drive, 78S)
Bottom of the 5th over - 0 runs, 0 hits, 0 errors, 0 left on base; San Bernardino 3 - Athletic Club KC Academy 1
TOP OF THE 6TH
San Bernardino Grasshoppers batting - Pitching for Athletic Club KC Academy : RHP Tom Erickson
Batting: LHB Joe Ellison 0-0: Foul Ball, location: 2F
0-1: Ball
1-1: Ground out 6-3 (Groundball, 6D)
Batting: RHB Reinaart Manshert 0-0: Ground out 4-3 (Groundball, 4)
Batting: RHB Jim MacRach 0-0: Called Strike
0-1: Called Strike
0-2: Ball
1-2: Ground out 4-3 (Groundball, 4)
Top of the 6th over - 0 runs, 0 hits, 0 errors, 0 left on base; San Bernardino 3 - Athletic Club KC Academy 1
BOTTOM OF THE 6TH
Athletic Club KC Academy batting - Pitching for San Bernardino Grasshoppers : LHP Ralph Greer
Batting: RHB Jihan Tuah 0-0: Ball
1-0: Fly out, F9 (Flyball, 9D)
Batting: RHB Francisco Vargas 0-0: Called Strike
0-1: Ground out 6-3 (Groundball, 6M)
Batting: RHB Travis Murphy 0-0: Called Strike
0-1: Foul Ball, location: 2F
0-2: Strikes out swinging, 2-3 out at first.
Bottom of the 6th over - 0 runs, 0 hits, 0 errors, 0 left on base; San Bernardino 3 - Athletic Club KC Academy 1
TOP OF THE 7TH
San Bernardino Grasshoppers batting - Pitching for Athletic Club KC Academy : RHP Tom Erickson
Batting: LHB Matt Ouweneel 0-0: Called Strike
0-1: Foul Ball, location: 2F
0-2: Fly out, F9 (Flyball, 9)
Batting: RHB Jouo Hirschovits 0-0: Called Strike
0-1: Foul Ball, location: 2F
0-2: Ball
1-2: Ball
2-2: Fly out, F9 (Flyball, 9LD)
Batting: RHB Vaughn White 0-0: Called Strike
0-1: Ball
1-1: Called Strike
1-2: Ball
2-2: Strikes out swinging
Top of the 7th over - 0 runs, 0 hits, 0 errors, 0 left on base; San Bernardino 3 - Athletic Club KC Academy 1
BOTTOM OF THE 7TH
Athletic Club KC Academy batting - Pitching for San Bernardino Grasshoppers : LHP Ralph Greer
Batting: RHB Jon Hall 0-0: Called Strike
0-1: Foul Ball, location: 2F
0-2: Ball
1-2: Ball
2-2: Ground out U3 (Groundball, 34)
Batting: RHB Wilton Banks 0-0: Ball
1-0: Ball
2-0: Called Strike
2-1: Ball
3-1: Base on Balls
Batting: RHB David Lozano 0-0: Fly out, F4 (Popup, 3D)
Batting: SHB Tomás Solorzano 0-0: Called Strike
0-1: Foul Ball, location: 2F
0-2: Foul Ball, location: 2F
0-2: Strikes out swinging
Bottom of the 7th over - 0 runs, 0 hits, 0 errors, 1 left on base; San Bernardino 3 - Athletic Club KC Academy 1
TOP OF THE 8TH
San Bernardino Grasshoppers batting - Pitching for Athletic Club KC Academy : RHP Tom Erickson
Batting: RHB Wren Driscoll 0-0: Ground out 2-3 (Groundball, 15S)
Batting: RHB Louie Trimboli 0-0: Fly out, F6 (Line Drive, 6)
Batting: RHB John Clark 0-0: Ball
1-0: Called Strike
1-1: Ball
2-1: Swinging Strike
2-2: Foul Ball, location: 2F
2-2: Ball
3-2: Foul Ball, location: 2F
3-2: Strikes out swinging
Top of the 8th over - 0 runs, 0 hits, 0 errors, 0 left on base; San Bernardino 3 - Athletic Club KC Academy 1
BOTTOM OF THE 8TH
Athletic Club KC Academy batting - Pitching for San Bernardino Grasshoppers : LHP Ralph Greer
Batting: LHB Jason Ward 0-0: Ball
1-0: Ball
2-0: Swinging Strike
2-1: Foul Ball, location: 2F
2-2: Ball
3-2: Foul Ball, location: 2F
3-2: Base on Balls
Batting: RHB John Ricks 0-0: Ball
1-0: Foul Ball, location: 2F
1-1: Ball
2-1: Ball
3-1: Swinging Strike
3-2: Strikes out swinging
Pitching: RHP Pedro Huerta
Batting: RHB Jihan Tuah 0-0: Ball
1-0: Ball
2-0: Called Strike
2-1: Called Strike
2-2: Ball
3-2: Foul Ball, location: 2F
3-2: Base on Balls
Jason Ward to second
Batting: RHB Francisco Vargas 0-0: Ball
1-0: Ball
2-0: Called Strike
2-1: Foul Ball, location: 2F
2-2: Strikes out swinging
Pitching: LHP Júlio Romero
Batting: RHB Travis Murphy 0-0: Foul Ball, location: 2F
0-1: 3-RUN HOME RUN (Flyball, 7D), Distance : 395 ft
Batting: RHB Jon Hall 0-0: Called Strike
0-1: Foul Ball, location: 2F
0-2: Ball
1-2: Strikes out looking
Bottom of the 8th over - 3 runs, 1 hit, 0 errors, 0 left on base; San Bernardino 3 - Athletic Club KC Academy 4
TOP OF THE 9TH
San Bernardino Grasshoppers batting - Pitching for Athletic Club KC Academy : RHP Tom Erickson
Batting: LHB Joe Ellison 0-0: Fly out, F5 (Line Drive, 56S)
Batting: RHB Reinaart Manshert 0-0: Called Strike
0-1: Called Strike
0-2: SINGLE (Groundball, 6D)
Batting: RHB Jim MacRach 0-0: Ball
1-0: Ball
2-0: Called Strike
2-1: Ball
3-1: Called Strike
3-2: Base on Balls
Reinaart Manshert to second
Batting: LHB Matt Ouweneel 0-0: Foul Ball, location: 2F
0-1: Ball
1-1: Called Strike
1-2: Fielders Choice at 2nd, 1-6 (Groundball, 13)
Reinaart Manshert to third
Batting: RHB Jouo Hirschovits 0-0: Ball
1-0: Swinging Strike
1-1: Swinging Strike
1-2: Strikes out looking
Top of the 9th over - 0 runs, 1 hit, 0 errors, 2 left on base; San Bernardino 3 - Athletic Club KC Academy 4
Friday, March 29th, 2019 - OOTP Baseball 18.8 Build 76